 Dungeon Crawl Stone Soup version 0.30-a0-341-g682706514a (webtiles) character file.

Game seed: 9183841381551049190

711 Lambsauce the Chopper (level 7, -4/61 HPs)
             Began as a Minotaur Fighter on Nov 3, 2022.
             Killed by divine providence
             ... invoked by an orc priest
              (15 damage)
             ... on level 5 of the Dungeon on Nov 4, 2022.
             The game lasted 00:07:29 (3333 turns).

Lambsauce the Chopper (Minotaur Fighter)            Turns: 3333, Time: 00:07:30

Health: -4/61      AC: 21    Str: 23    XL:     7   Next: 40%
Magic:  6/6        EV:  3    Int: 11    God:
Gold:   261        SH:  5    Dex: 13    Spells: 6/6 levels left

rFire   + . .      SeeInvis .    g - +2 war axe (vorpal)
rCold   + + .      Faith    .    c - +0 buckler
rNeg    . . .      Spirit   .    j - +2 crystal plate armour
rPois   +          Reflect  .    (helmet restricted)
rElec   .          Harm     .    p - scarf {rC+ rF+}
rCorr   .          Rampage  .    (no gloves)
Will    .....                    o - +0 pair of boots
Stlth   ..........               (no amulet)
HPRegen 0.30/turn                e - ring of protection from cold
MPRegen 0.10/turn                n - ring "Sutwoti" {Fly rPois Will- Int+6 Dex+4}

@: flying
A: horns 2, retaliatory headbutt
a: no special abilities


You were on level 5 of the Dungeon.
You visited 1 branch of the dungeon, and saw 5 of its levels.

You collected 261 gold pieces.

Inventory:

Hand Weapons
 a - a +0 war axe
 g - a +2 vorpal war axe (weapon)
Armour
 b - a +0 scale mail
 c - a +0 buckler (worn)
 j - a +2 crystal plate armour (worn)
 o - a +0 pair of boots (worn)
 p - a scarf of resistance (worn)
Jewellery
 e - a ring of protection from cold (left hand)
 h - a ring of ice
 n - the ring "Sutwoti" (right hand) {Fly rPois Will- Int+6 Dex+4}
   (You acquired it on level 5 of the Dungeon)

   [ring of intelligence]

   Int:       It affects your intelligence (+6).
   Dex:       It affects your dexterity (+4).
   rPois:     It protects you from poison.
   Fly:       It grants you flight.
   Will:      It decreases your willpower.
Scrolls
 f - a scroll of blinking
 q - a scroll of teleportation
 s - a scroll of noise {unknown}
Potions
 d - a potion of might
 i - 2 potions of curing
 k - a potion of invisibility {unknown}
 l - 3 potions of heal wounds {unknown}
 m - 3 potions of flight {unknown}
 r - a potion of cancellation {unknown}


   Skills:
 + Level 5.0 Fighting
 + Level 7.0 Axes
 + Level 6.3 Armour
 + Level 0.6 Stealth
 + Level 4.9 Shields


You had 6 spell levels left.
You didn't know any spells.
Your spell library contained the following spells:

 Spells                   Type           Power      Damage    Failure   Level
 Inner Flame              Hex/Fire       0%         N/A       100%        3
 Cause Fear               Hex            0%         N/A       100%        4
 Discord                  Hex            0%         N/A       100%        8


Dungeon Overview and Level Annotations

Branches:
Dungeon (5/15)
 Temple: D:4-7

Altars:
Fedhas

Shops:
D:3 :


Innate Abilities, Weirdness & Mutations

You have a pair of horns on your head.
You reflexively headbutt those who attack you in melee.


Message History

The orc wizard mumbles some strange words.
The orc wizard flickers and vanishes!
Deactivating autopickup; reactivate with Ctrl-A.
You barely miss something. You hit the orc.
You hear some strange, mumbled words.
A magic dart appears from out of thin air!
The magic dart hits you but does no damage.
The orc hits you with a +0 club.
You miss something. You slash the orc!
You kill the orc!
You hear some strange, mumbled words.
A magic dart appears from out of thin air!
The magic dart hits you but does no damage.
The orc priest casts a cantrip, but nothing happens.
You closely miss something. Your headbutt misses something.
You hit the orc priest but do no damage.
The orc priest hits you but does no damage.
You hear some strange, mumbled words.
Something tries to affect you, but you resist.
The orc priest hits you but does no damage.
The orc priest invokes the aid of Beogh against you.
Beogh smites you! You block something's attack.
You closely miss something. Your headbutt misses something.
You barely miss the orc priest. You slash the orc priest!
The orc priest calls down the wrath of Beogh upon you.
Beogh smites you!
* * * LOW HITPOINT WARNING * * *
Something hits you but does no damage.
The orc priest casts a cantrip, but nothing happens.
Something hits you but does no damage.
The orc priest hits you but does no damage.
The orc priest invokes the aid of Beogh against you.
Pain shoots through your body!
* * * LOW HITPOINT WARNING * * *
Blink to where?
Press: ? - help, Q - select action, (/) - cycle Dir - move target
As you read the scroll of blinking, it crumbles to dust.
The orc priest calls down the wrath of Beogh upon you.
Beogh smites you!
You die...

#.#. #...#.# #.#
##.#.##...#.#####.#
..................#
##.#.#....#.###.#.#
.##.#..........#.#.#
........#...#.#.#.#####
.###.##.#.#####.#.#.....#
........#...............#
.........@#####.#.#.....#
.............##.#.#.....#
........#.#..##.#.#######
.#...........##.#.#
#.#....#....##.#.########
# #....#....o...?.o.o{...
# #....#....##.#.###.)...
#.#....#....##.#.# #.....
#......#.......... ......


You could see an orc priest.

Vanquished Creatures
  Edmund (D:5)
  A necrophage (D:5)
  2 scorpions
  A howler monkey (D:5)
  A jelly (D:5)
  2 orc priests
  3 iguanas (D:5)
  3 orc wizards (D:3)
  4 adders
  3 worms (D:2)
  2 dart slugs (D:1)
  12 orcs
  6 endoplasms
  A giant cockroach (D:3)
  4 goblins (D:1)
  12 hobgoblins
  6 kobolds
  5 quokkas
  7 ball pythons
  A bat (D:2)
  5 frilled lizards
  6 rats
88 creatures vanquished.

Vanquished Creatures (others)
  An orc wizard (D:3)
1 creature vanquished.

Grand Total: 89 creatures vanquished

Notes
Turn   | Place    | Note
-------+----------+-------------------------------------------
     0 | D:1      | Lambsauce the Minotaur Fighter began the quest for the Orb.
     0 | D:1      | Reached XP level 1. HP: 19/19 MP: 0/0
    21 | D:1      | Reached XP level 2. HP: 18/27 MP: 1/1
   331 | D:1      | Reached XP level 3. HP: 33/33 MP: 2/2
  1049 | D:2      | Reached skill level 3 in Axes
  1219 | D:2      | Reached XP level 4. HP: 40/40 MP: 3/3
  1759 | D:3      | Reached skill level 5 in Armour
  1759 | D:3      | Reached XP level 5. HP: 37/46 MP: 4/4
  1763 | D:3      | Reached skill level 4 in Axes
  1889 | D:3      | Found Roppoev's Book Boutique.
  1996 | D:3      | Found a blossoming altar of Fedhas.
  2270 | D:3      | Reached skill level 5 in Axes
  2732 | D:4      | Reached XP level 6. HP: 53/53 MP: 5/5
  2805 | D:4      | You fall into a shaft and drop 1 floor!
  2805 | D:5      | Entered Level 5 of the Dungeon
  2820 | D:5      | Noticed Edmund
  2825 | D:5      | Killed Edmund
  2875 | D:5      | Reached skill level 6 in Axes
  2911 | D:5      | Reached XP level 7. HP: 46/60 MP: 6/6
  3023 | D:5      | Identified a scroll of acquirement
  3023 | D:5      | Acquired the ring "Sutwoti" {Fly rPois Will- Int+6 Dex+4}
  3062 | D:5      | Reached skill level 5 in Fighting
  3079 | D:5      | Reached skill level 7 in Axes
  3333 | D:5      | Killed from afar by an orc priest

Illustrated notes

Levels and vault maps discovered:
D:1:      lemuel_arrival_broad_hall, layout_rooms
D:2:      layout_loops_ring, grunt_ministairs_3
D:3:      layout_basic, fedhas_ov_isle_minmay, serial_shops, shop
D:4:      layout_loops_ring, nemelex_spade_bored_becter, serial_shops, shop
D:5:      layout_basic, uniq_edmund

Skill      XL: |  1  2  3  4  5  6  7 |
---------------+----------------------+-----
Shields        | 4 |  4.9
Armour         | 4 5 6 |  6.3
Fighting       | 4 5 |  5.0
Axes           | 3 5 6 7 |  7.0
Stealth        | |  0.6

Action                   |  1- 3 |  4- 6 |  7- 9 || total
-------------------------+-------+-------+-------++-------
Melee: War axe           |    96 |    90 |    23 ||   209
       Headbutt          |    14 |    10 |     7 ||    31
  Use: Scroll            |     5 |     1 |     2 ||     8
       Potion            |     3 |       |       ||     3
Armor: Scale mail        |     7 |       |       ||     7
       Crystal plate arm |    58 |    85 |    26 ||   169
Dodge: Dodged            |    19 |    14 |     1 ||    34
Block: Buckler           |    17 |    17 |     3 ||    37

Table legend: (Time is in decaauts)
 A = Elapsed time spent in this place.
 B = Non-inter-level travel time spent in this place.
 C = Inter-level travel time spent in this place.
 D = Time resting spent in this place.
 E = Time spent auto-exploring this place.
 F = Levels seen in this place.
 G = Mean time per level.
                   A        B        C        D        E       F      G
               +--------+--------+--------+--------+--------+-----+--------+
         Total |   3402 |   3200 |    202 |    269 |   2353 |   5 |  680.4 |
       Dungeon |   3402 |   3200 |    202 |    269 |   2353 |   5 |  680.4 |
               +--------+--------+--------+--------+--------+-----+--------+

Top non-repeatable levels by time:
     D:3: 1023 daAuts
     D:2: 916 daAuts
     D:1: 816 daAuts
     D:5: 536 daAuts
     D:4: 109 daAuts
